 Dungeon Crawl Stone Soup version 0.23.1 (webtiles) character file.

Game seed: 12187119721589922078

130 Borgoz the Skirmisher (level 5, 0/46 HPs)
             Began as a Ghoul Monk on Mar 17, 2019.
             Slain by Sigmund
             ... wielding a +4 vampiric scythe
              (13 damage)
             ... on level 2 of the Dungeon.
             The game lasted 00:04:19 (1647 turns).

Borgoz the Skirmisher (Ghoul Monk)                  Turns: 1647, Time: 00:04:19

Health: 0/46       AC:  3    Str: 15    XL:     5   Next: 14%
Magic:  4/4        EV: 13    Int:  5    God:
Gold:   51         SH:  0    Dex: 12    Spells: 4/4 levels left

rFire    . . .     SeeInvis .   a - +1 dagger (venom)
rCold    + . .     Gourm    .   (no shield)
rNeg     + + +     Faith    .   b - +1 robe
rPois    ∞         Spirit   .   (no helmet)
rElec    .         Reflect  .   (no cloak)
rCorr    .         Harm     .   (no gloves)
MR       .....                  (no boots)
Stlth    +.........             (no amulet)
HPRegen  0.00/turn              (no ring)
MPRegen  0.09/turn              (no ring)

@: confused, rotting
A: rotting body, claws 1, carnivore, cold resistance 1, negative energy
resistance 3, inhibited regeneration, torment resistance, unbreathing
a: no special abilities


You were on level 2 of the Dungeon.
You were not hungry.

You visited 1 branch of the dungeon, and saw 2 of its levels.

You collected 51 gold pieces.

Inventory:

Hand Weapons
 a - a +1 dagger of venom (weapon)
 h - a +0 short sword
Missiles
 f - 8 tomahawks (quivered)
Armour
 b - a +1 robe (worn)
Scrolls
 e - a scroll of enchant armour
 g - a scroll of teleportation {unknown}
Comestibles
 c - a ration


   Skills:
 + Level 3.7 Fighting
 * Level 3.4 Short Blades
 * Level 1.9 Armour
 * Level 3.4 Dodging
 + Level 2.9 Stealth


You had 4 spell levels left.
You didn't know any spells.
Your spell library was empty.

Dungeon Overview and Level Annotations

Branches:
Dungeon (2/15)

Altars:
Hepliaklqana

Annotations:
D:2 Sigmund


Innate Abilities, Weirdness & Mutations

Your body is rotting away.
You thrive on raw meat.
You are immune to poison.
You have sharp fingernails.
You are carnivorous and can eat meat at any time.
Your flesh is cold resistant. (rC+)
You are immune to negative energy. (rN+++)
You do not regenerate when monsters are visible.
You are immune to unholy pain and torment.
You can survive without breathing.


Message History

You hit the jackal.
The jackal is poisoned.
The jackal is heavily wounded.
The jackal closely misses you.
You hit the jackal but do no damage.
The jackal is heavily wounded.
The jackal bites you but does no damage.
You hear some strange, mumbled words.
You are confused.
The jackal bites you but does no damage.
You bump into the rock wall.
Something hits you.
The jackal bites you but does no damage.
Unknown command.
You bump into the rock wall.
You kill the jackal!
Something hits you!
* * * LOW HITPOINT WARNING * * *
Unknown command.
You bump into the rock wall.
You hit something. Something hits you!
You die...

#)....#........
###########.#..#........
#..÷......._..÷.........
#......####.###.#.......
#......###..........#.#.
#.....................#
#####'#.##.#.....<#.#.#
#####.#†##.#........# #
#.....#@##..........#
#.#####{#####.......#
#.#...#.. ..........
#.#...#########.#.....
#.......... ..#.....#
#######..## #..#.....#


There were no monsters in sight!

Vanquished Creatures
  Natasha (D:2)
  4 gnolls (D:1)
  3 adders
  A dart slug (D:1)
  A leopard gecko (D:1)
  A ball python (D:1)
  2 bats (D:1)
  2 giant cockroaches (D:1)
  7 goblins
  4 hobgoblins (D:1)
  4 jackals
  A frilled lizard (D:1)
  2 kobolds (D:1)
  5 rats
38 creatures vanquished.

Notes
Turn   | Place    | Note
-------+----------+-------------------------------------------
     0 | D:1      | Borgoz the Ghoul Monk began the quest for the Orb.
     0 | D:1      | Reached XP level 1. HP: 19/19 MP: 0/0
   288 | D:1      | Reached XP level 2. HP: 11/26 MP: 1/1
   550 | D:1      | Reached skill level 1 in Armour
   550 | D:1      | Reached XP level 3. HP: 16/31 MP: 2/2
   629 | D:2      | Noticed Natasha
   646 | D:2      | Killed Natasha
   951 | D:1      | Reached XP level 4. HP: 36/37 MP: 3/3
  1551 | D:2      | Found a hazy altar of Hepliaklqana.
  1569 | D:2      | Reached XP level 5. HP: 33/46 MP: 4/4
  1580 | D:2      | Noticed Sigmund
  1647 | D:2      | Slain by Sigmund

Skill      XL: |  1  2  3 |
---------------+----------+-----
Short Blades   | 3 |  3.4
Armour         | 1 |  1.9
Dodging        | 3 |  3.4
Fighting       | |  3.7
Stealth        | |  2.9

Action                   |  1- 3 |  4- 6 || total
-------------------------+-------+-------++-------
Melee: Short sword       |    94 |    82 ||   176
       Dagger            |       |    17 ||    17
  Use: Potion            |     2 |     2 ||     4
       Scroll            |       |     2 ||     2
 Stab: Sleeping          |     1 |     4 ||     5
  Eat: Chunk             |     9 |    16 ||    25
Armor: Robe              |    13 |    19 ||    32
Dodge: Dodged            |    62 |    73 ||   135
